 Dungeon Sprint DCSS version 0.21-a0-401-g0b6bec4 (webtiles) character file.

26 Amnesiac the Sneak (level 2, -9/19 HPs)
             Began as a Demonspawn Earth Elementalist on Oct 21, 2017.
             Mangled by Sigmund the wyvern (16 damage)
             ... in the Dungeon (Sprint I: "Red Sonja").
             The game lasted 00:01:34 (140 turns).

Amnesiac the Sneak (Demonspawn Earth Elementalist)   Turns: 140, Time: 00:01:34

Health: -9/19      AC:  2    Str:  8    XL:     2   Next: 89%
Magic:  1/5        EV: 12    Int: 16    God:
Gold:   108        SH:  0    Dex: 13    Spells: 2/5 levels left

rFire    + . .     SeeInvis .   l - +0 dagger
rCold    . . .     Gourm    .   (no shield)
rNeg     . . .     Faith    .   c - +0 robe
rPois    .         Spirit   .   (no helmet)
rElec    .         Reflect  .   (no cloak)
rCorr    .         Harm     .   (no gloves)
MR       .....     NoTele   +   (no boots)
Stlth    +++.......             (no amulet)
HPRegen  0.06/turn              (no ring)
MPRegen  0.09/turn              (no ring)

@: no status effects
A: fire resistance 1
a: no special abilities


You were in the Dungeon.
You were not hungry.

You visited 1 branch You collected 108 gold pieces.

Inventory:

Hand Weapons
 l - a +0 dagger (weapon)
Missiles
 b - 28 stones (quivered)
Armour
 c - a +0 robe (worn)
Wands
 a - a wand of polymorph (2/24)
Scrolls
 j - a scroll of blinking {!r}
Potions
 e - a potion of curing {!q}
 f - a potion of heal wounds {!q}
 g - a potion of haste {!q}
 h - 2 potions of magic {!q}
Books
 k - a book of Geomancy

   Spells                             Type                      Level
   a - Sandblast                      Earth                        1
   b - Passwall                       Transmutation/Earth          2
   c - Stone Arrow                    Conjuration/Earth            3
   d - Petrify                        Transmutation/Earth          4
   e - Lee's Rapid Deconstruction     Earth                        5
Comestibles
 d - a bread ration
 i - 2 chunks of flesh


   Skills:
 + Level 0.0 Short Blades
 - Level 1.7 Dodging
 - Level 6.1 Stealth
 - Level 2.0 Spellcasting
 - Level 0.8 Transmutations
 - Level 2.6 Earth Magic


You had 2 spell levels left.
You knew the following spells:

 Your Spells              Type           Power        Failure   Level  Hunger
a - Sandblast             Erth           ##....       7%          1    #......
b - Passwall              Tmut/Erth      #.........   16%         2    ###....


Dungeon Overview and Level Annotations

Branches:
Dungeon (1/1)

Altars:

Annotations:
D Sigmund


Innate Abilities, Weirdness & Mutations

Your flesh is heat resistant. (rF+)


Message History

Okay, then.
Casting: Passwall
Confirm with . or Enter, or press ? or * to list all spells.
Which direction?
You begin to meditate on the wall.
You continue meditating on the rock. x2
You finish merging with the rock.
Sigmund the Dreaded comes into view.
He is wielding a scythe.
Evoke which item? (* to show all) (? for menu, Esc to quit)
Aiming: Polymorph (will waste charges)
Press: ? - help, Shift-Dir - straight line, f - Sigmund
Aim: Sigmund, wielding a scythe and wearing a robe (resting, chance to defeat MR: 54%)
Okay, then.
Unknown command.
The helpless Sigmund fails to defend himself.
You impale Sigmund!!
Sigmund is heavily wounded.
Sigmund closely misses you.
Casting: Passwall
Confirm with . or Enter, or press ? or * to list all spells.
Aiming: Sandblast
Press: ? - help, Shift-Dir - straight line, f - Sigmund
Aim: Sigmund, wielding a scythe and wearing a robe (heavily wounded)
The blast of sand hits Sigmund.
Sigmund is severely wounded.
b - 29 stones Sigmund gestures at you while chanting.
The magic dart hits you!
Casting: Sandblast
Confirm with . or Enter, or press ? or * to list all spells.
Aiming: Sandblast
Press: ? - help, Shift-Dir - straight line, f/p - Sigmund
Aim: Sigmund, wielding a scythe and wearing a robe (severely wounded)
The blast of sand hits Sigmund.
Sigmund is severely wounded.
b - 28 stones Sigmund mumbles some strange words.
Sigmund flickers and vanishes!
Deactivating autopickup; reactivate with Ctrl-A.
Okay, then.
Evoke which item? (* to show all) (? for menu, Esc to quit)
Aiming: Polymorph (will waste charges)
Press: ? - help, Shift-Dir - straight line Sigmund appears out of thin air!
Reactivating autopickup.
Evoking this partially-identified wand wasted a few charges.
Sigmund bites you.
Evoke which item? (* to show all) (? for menu, Esc to quit)
Aiming: Polymorph (will waste charges)
Press: ? - help, Shift-Dir - straight line, f - Sigmund
Aim: Sigmund the wolf (chance to defeat MR: 46%) Sigmund the wolf evaporates and reforms as a wyvern!
Evoking this partially-identified wand wasted a few charges.
Sigmund bites you.
* * * LOW HITPOINT WARNING * * *
Evoke which item? (* to show all) (? for menu, Esc to quit)
Aiming: Polymorph (will waste charges)
Press: ? - help, Shift-Dir - straight line, f/p - Sigmund
Aim: Sigmund the wyvern (chance to defeat MR: 46%) Sigmund resists with some effort.
Evoking this partially-identified wand wasted a few charges.
Sigmund barely misses you.
You hit Sigmund but do no damage. Sigmund bites you!
Ouch! That really hurt!
You die...

####### ####
#<.#..+ #.l+
#.['..# +@.#
#..#####+####
#..# #..#
#..# ####
#..# #⌠⌠#
#### #..#
####


You could see Sigmund the wyvern.

Vanquished Creatures
  Ijyb (D)
1 creature vanquished.

Notes
Turn   | Place    | Note
-------+----------+-------------------------------------------
     0 | D        | Amnesiac the Demonspawn Earth Elementalist began the quest for the Orb.
     0 | D        | Reached XP level 1. HP: 13/13 MP: 3/3
     1 | D        | Noticed Ijyb
     7 | D        | Killed Ijyb
     7 | D        | Reached skill level 6 in Stealth
     7 | D        | Gained mutation: Your flesh is heat resistant. (rF+) [demonic ancestry]
     7 | D        | Reached XP level 2. HP: 19/19 MP: 5/5
    35 | D        | Learned a level 2 spell: Passwall
   134 | D        | Noticed Sigmund
   137 | D        | Noticed Sigmund
   138 | D        | Noticed Sigmund
   138 | D        | Sigmund the wolf changed into Sigmund the wyvern
   140 | D        | Mangled by Sigmund the wyvern

Vault maps used:
D:        dungeon_sprint_1

Skill      XL: |  1 |
---------------+----+-----
Stealth        | 6 |  6.1
Dodging        | |  1.7
Spellcasting   | |  2.0
Transmutations | |  0.8
Earth Magic    | |  2.6

Action                   || total
-------------------------++-------
Melee: Unarmed           ||     4
       Dagger            ||     2
 Cast: Passwall          ||     4
       Sandblast         ||     2
Evoke: Wand              ||     3
  Use: Potion            ||     1
 Stab: Sleeping          ||     1
Dodge: Dodged            ||     2

Table legend:
 A = Spawn XP
 B = Non-spawn XP
 C = Spawn XP percentage of total XP
 D = Spawn monster count
 E = Non-spawn monster count
 F = Spawn count percentage of total count
 G = Total turns spent on level
                    A         B        C        D         E        F      G
               +---------+---------+-------+---------+---------+-------+---------
         Total |       0 |      38 |   0.0 |       0 |       1 |   0.0 |   140
               +---------+---------+-------+---------+---------+-------+---------
             D |       0 |      38 |   0.0 |       0 |       1 |   0.0 |   140
               +---------+---------+-------+---------+---------+-------+---------
